Cogmind - Beta 13 @@@ ROGUE MODE // 2024.04.02 @ 00:02:31 Player: flskier Result: Destroyed by G-47 Trooper with Particle Gun Performance ------------- Evolutions (2) 1000 Regions Visited (7) 1400 Robots Destroyed (64) 320 Value Destroyed (1570) 1570 Prototype IDs (4) 80 Alien Tech Used (0) 0 Bonus (300) 300 TOTAL SCORE: 4670 Bonus ------- Aligned with FarCom 300 Cogmind --------- Core Integrity 0/550 Matter 93/300 Energy 83/100 System Corruption 4% Temperature Danger (460) Movement Core (50) Location -8/Materials Parts ------- > --- POWER (2) -------- (None) > --- PROPULSION (3) --- (None) > --- UTILITY (3) ------ (None) > --- WEAPON (3) ------- (None) > --- INVENTORY (5) ---- Improved Heat Sink Medium Storage Unit Large Storage Unit Large Storage Unit Field Laser Peak State ------------ > --- POWER ------------ Light Nuclear Core Light Nuclear Core > --- PROPULSION ------- Light Treads Light Treads Light Treads > --- UTILITY ---------- Large Storage Unit Improved Light Armor Plating Reactive Plating > --- WEAPON ----------- Gauss Rifle Missile Launcher Missile Launcher > --- INVENTORY -------- Improved Heat Sink Medium Storage Unit Large Storage Unit Field Laser Light EM Pulse Cannon EM Pulse Cannon Assault Cannon Assault Cannon [Rating: 27] Favorites ----------- Power Light Ion Engine Engine Light Ion Engine Power Core Light Nuclear Core Propulsion Light Treads Treads Light Treads Leg Aluminum Leg Utility Targeting Computer Device ECM Suite Storage Medium Storage Unit Processor Targeting Computer Protection Light Armor Plating Weapon Beam Rifle Energy Gun Beam Rifle Energy Cannon Advanced Beam Cannon Ballistic Gun Gauss Rifle Ballistic Cannon Assault Cannon Launcher Missile Launcher Special Weapon Mining Laser Build | -11 -10 -10 -9 -9 -9 -8 -8 ------- Run | Yrd Mat Min Mat Min Exi Min Mat Slots Evolved 4 | . . . 2 . . . 2 Power 1 | . . . 1 . . . . Propulsion 1 | . . . . . . . 1 Utility 1 | . . . 1 . . . . Weapon 1 | . . . . . . . 1 Parts Attached 65 | 5 2 15 11 3 3 1 25 Power 9 | 1 . 2 2 . . . 4 Engine 6 | 1 . 2 2 . . . 1 Core 3 | . . . . . . . 3 Reactor . | . . . . . . . . Propulsion 16 | 2 . 4 2 1 2 . 5 Treads 12 | . . 2 2 1 2 . 5 Leg 4 | 2 . 2 . . . . . Wheel . | . . . . . . . . Hover . | . . . . . . . . Flight . | . . . . . . . . Utility 18 | . 2 3 4 1 1 1 6 Device 6 | . 2 1 1 . . 1 1 Storage 5 | . . 1 . . 1 . 3 Processor 2 | . . . 2 . . . . Hackware . | . . . . . . . . Protection 5 | . . 1 1 1 . . 2 Artifact . | . . . . . . . . Weapon 22 | 2 . 6 3 1 . . 10 Energy Gun 9 | 2 . 4 1 1 . . 1 Energy Cannon 4 | . . . 2 . . . 2 Ballistic Gun 2 | . . . . . . . 2 Ballistic Cannon 3 | . . . . . . . 3 Launcher 2 | . . . . . . . 2 Special Weapon 2 | . . 2 . . . . . Impact Weapon . | . . . . . . . . Slashing Weapon . | . . . . . . . . Piercing Weapon . | . . . . . . . . Special Melee Weapon . | . . . . . . . . Unidentified Prototypes 2 | . . . 1 . . 1 . Parts Lost 27 | . . 2 7 2 . . 16 Power 7 | . . . 3 . . . 4 Propulsion 7 | . . . 1 1 . . 5 Utility 3 | . . . 2 . . . 1 Weapon 10 | . . 2 1 1 . . 6 Highest Loss Streak 11 | . . 1 4 6 . . 11 To Critical Strikes 2 | . . . 1 . . . 1 Average Slot Usage (%) 82 | . 96 94 89 65 73 55 88 Engine 6 | . 14 14 13 . . . 3 Core 2 | . . . . . . . 8 Treads 16 | . . 2 21 11 22 22 26 Leg 7 | . 28 25 . . . . . Device 5 | . 24 10 6 . . . 5 Storage 7 | . . 6 11 11 11 . 7 Processor 7 | . . . 11 11 11 11 8 Protection 5 | . . 11 3 11 7 . 1 Energy Gun 11 | . 28 15 11 9 11 11 3 Energy Cannon 5 | . . . 10 11 11 11 1 Ballistic Gun 3 | . . . . . . . 14 Ballistic Cannon 1 | . . . . . . . 5 Special Weapon 1 | . . 6 . . . . . Naked Turns 5 | . . . . . . . 5 Heaviest Build 207 | 7 11 24 28 20 207 7 59 Greatest Support 60 | 20 20 40 40 20 40 40 60 Greatest Overweight (x) 5 | . . . 5 . 5 . 1 Average Overweight (x) . | . . . . . . . . Largest Inventory Capacity 35 | 5 5 10 10 10 35 5 35 Average Capacity 9 | 5 5 7 10 10 17 5 9 Most Carried 10 | 3 5 10 10 7 6 5 9 Average Carried 5 | 1 3 6 8 5 3 4 5 Final Capacity 35 | 5 5 10 10 10 35 5 5 Final Carried 8 | 2 5 8 8 5 4 5 5 Class Distribution -------------------- 37% | Mutant 32% | Scavenger-Mutant 23% | Scavenger-Skirmisher 6% | Hauler-Mutant Dominant Class ---------------- Mutant | -10/Materials Mutant | -10/Mines Scavenger-Mutant | -9/Materials Mutant | -9/Mines Scavenger-Mutant | -9/Exiles Mutant | -8/Mines Scavenger-Skirmisher | -8/Materials Resources | -11 -10 -10 -9 -9 -9 -8 -8 ----------- Run | Yrd Mat Min Mat Min Exi Min Mat Matter Collected 1299 | 250 20 145 112 29 . 27 716 Remotely . | . . . . . . . . Salvage Created 1824 | 40 30 504 414 44 . 45 747 Parts 116 | 2 3 27 30 2 . 5 47 Haulers Intercepted . | . . . . . . . . Recyclers Shooed . | . . . . . . . . Parts Field Recycled . | . . . . . . . . Retrieved Matter . | . . . . . . . . Parts Self-Destructed . | . . . . . . . . Prevented . | . . . . . . . . Kills | -11 -10 -10 -9 -9 -9 -8 -8 ------- Run | Yrd Mat Min Mat Min Exi Min Mat Combat Hostiles Destroyed 51 | 1 . 12 8 3 . 3 24 Guns 29 | 1 . 9 6 . . 2 11 Cannons 18 | . . 2 2 3 . 1 10 AOE 3 | . . 1 . . . . 2 Classes Destroyed 9 | 1 1 3 1 . . . 3 Builder 2 | . . . . . . . 2 Tunneler 2 | . . 2 . . . . . Recycler 2 | . . 1 1 . . . . Watcher 7 | . 1 . 3 . . . 3 Swarmer 23 | . . 3 4 3 . 3 10 Cutter 3 | . . . . . . . 3 Grunt 13 | 1 . 9 . . . . 3 Sentry 8 | . . . 4 . . . 4 Hunter 4 | . . . . . . . 4 Best Kill Streak 7 | 1 1 4 3 3 . 2 7 Combat Bots Only 6 | 1 . 3 3 3 . 2 6 Max Kills in Single Turn 2 | 1 1 2 1 1 . 1 2 Gunslinging 1 | . . 1 . . . . 1 Exploded 2 | . . 1 . . . . 2 Melee . | . . . . . . . . Uniques/NPCs Destroyed . | . . . . . . . . Combat | -11 -10 -10 -9 -9 -9 -8 -8 -------- Run | Yrd Mat Min Mat Min Exi Min Mat Hostile Shots Fired 478 | 3 . 77 134 30 . 25 209 Missed 116 | 2 . 26 36 2 . 11 39 Damage Taken 4756 | 12 . 642 1066 222 . 116 2698 Core 960 | 12 . 145 174 30 . 43 556 Absorbed by Shields 36 | . . . . . . . 36 Ignored by Resistances 57 | . . . . . . . 57 Regen/Repaired (Parts) 119 | . . . . . . . 119 Core Remaining (%) 56 | 95 . 37 . . . 38 . Volleys Fired 160 | 2 1 38 29 12 . 6 72 Largest 3 | 2 2 2 2 2 . 2 3 Hottest 170 | 80 80 140 124 124 . 124 170 Shots Fired 331 | 4 2 68 57 16 . 12 172 Gun 236 | 4 2 62 30 4 . 6 128 Cannon 84 | . . . 27 12 . 6 39 Launcher 5 | . . . . . . . 5 Special 6 | . . 6 . . . . . Kinetic 129 | . . . . . . . 129 Thermal 153 | . . 33 57 16 . 12 35 Explosive 5 | . . . . . . . 5 Electromagnetic 44 | 4 2 35 . . . . 3 Robot Hit Streak 18 | 3 4 8 8 14 . 2 18 Robot Miss Streak 5 | 1 . 3 4 2 . 3 5 Penetration Max 1 | . . . . . . . 1 Secondary Targets 3 | . . 1 . . . . 2 Max Gunslinging Chain 1 | . . 1 . . . . 1 Shots Hit Robots 217 | 3 1 46 36 13 . 4 114 Core Hits 93 | 2 1 22 15 3 . 3 47 Critical Kills 2 | . . . . . . . 2 Critical Parts Destroyed . | . . . . . . . . Critical Strikes 7 | . . 1 2 1 . . 3 Burn 4 | . . . 2 1 . . 1 Meltdown 2 | . . . . . . . 2 Corrupt 1 | . . 1 . . . . . Melee Attacks . | . . . . . . . . Impact . | . . . . . . . . Slashing . | . . . . . . . . Piercing . | . . . . . . . . Sneak Attacks . | . . . . . . . . Combat Hostiles . | . . . . . . . . Follow-up Attacks . | . . . . . . . . Damage Inflicted 4026 | 41 24 782 565 247 . 71 2296 Guns 2231 | 41 24 503 276 58 . 30 1299 Cannons 1218 | . . . 286 189 . 41 702 Explosions 448 | . . 153 . . . . 295 Melee . | . . . . . . . . Ramming 9 | . . 6 3 . . . . Kinetic 1487 | . . . . . . . 1487 Thermal 1836 | . . 485 562 247 . 71 471 Explosive 295 | . . . . . . . 295 Electromagnetic 399 | 41 24 291 . . . . 43 Impact . | . . . . . . . . Slashing . | . . . . . . . . Piercing . | . . . . . . . . Highest Corruption 4 | . . . . . . . 4 Average Corruption 3 | . . . . . . . 3 Corruption Purged . | . . . . . . . . Corruption Blocked . | . . . . . . . . Effects 20 | . . . . . . . 20 Message Errors 4 | . . . . . . . 4 Matter Fused 3 | . . . . . . . 3 Heat Flow Errors 6 | . . . . . . . 6 Energy Discharges 2 | . . . . . . . 2 Parts Rejected 1 | . . . . . . . 1 Data Loss (minor) 2 | . . . . . . . 2 Weapon Failures 2 | . . . . . . . 2 Overload Shots . | . . . . . . . . Overflow Damage 24 | . . 11 . 1 . . 12 Projectiles 13 | . . 2 . 1 . . 10 Explosions 11 | . . 9 . . . . 2 Melee . | . . . . . . . . Knockbacks 5 | . . 1 . . . . 4 Impact 1 | . . 1 . . . . . Kinetic 2 | . . . . . . . 2 Secondary 2 | . . . . . . . 2 Self-Inflicted Damage 178 | . . 54 . . . . 124 Shots 4 | . . 1 . . . . 3 Rammed 1 | . . . 1 . . . . Targets Rammed 3 | . . 2 1 . . . . Kicked 2 | . . 2 . . . . . Crushed . | . . . . . . . . Highest Temperature 570 | 42 18 199 397 282 . 156 570 Average Temperature 119 | 24 12 70 153 172 . 69 128 Received Heat Transfer 1105 | 6 . 334 198 . . . 567 Effects 14 | . . . 4 . . . 10 Shutdowns 2 | . . . 1 . . . 1 Energy Bleed 3 | . . . 2 . . . 1 Interference 6 | . . . . . . . 6 Matter Decay 2 | . . . 1 . . . 1 Damage (minor) 1 | . . . . . . . 1 Siege Activations . | . . . . . . . . Robots Corrupted . | . . . . . . . . Combat Hostiles . | . . . . . . . . Parts Fried . | . . . . . . . . Impact Corruptions . | . . . . . . . . Robots Melted 2 | . . . . . . . 2 Combat Hostiles 1 | . . . . . . . 1 Parts Melted 10 | . . . 4 . . . 6 Heat Transferred 4082 | . . 875 1357 555 . 148 1147 Parts Sabotaged . | . . . . . . . . Parts Stolen . | . . . . . . . . Parts Stripped . | . . . . . . . . Power Chain Reactions 2 | . . 2 . . . . . Alert | -11 -10 -10 -9 -9 -9 -8 -8 ------- Run | Yrd Mat Min Mat Min Exi Min Mat Peak Influence 351 | 20 24 133 298 93 . 100 351 Initial 43 | . 13 . 13 43 . . . Average 98 | 2 15 56 138 87 . 18 180 Maximum Alert Level 1 | . . . 1 . . . 1 Low Security (%) 77 | 100 100 100 73 100 . 100 40 Level 1 22 | . . . 26 . . . 59 Level 2 . | . . . . . . . . Level 3 . | . . . . . . . . Level 4 . | . . . . . . . . Level 5 . | . . . . . . . . High Security . | . . . . . . . . Max Security . | . . . . . . . . Squads Dispatched 6 | . . . . . . . 6 Investigation 2 | . . . . . . . 2 Extermination . | . . . . . . . . Reinforcement 3 | . . . . . . . 3 Assault . | . . . . . . . . Garrison 1 | . . . . . . . 1 Intercept . | . . . . . . . . Searches Triggered . | . . . . . . . . Construction Impeded . | . . . . . . . . Haulers Reinforced . | . . . . . . . . Active Scanning Responses . | . . . . . . . . Cargo Convoy Interrupts . | . . . . . . . . Stealth | -11 -10 -10 -9 -9 -9 -8 -8 --------- Run | Yrd Mat Min Mat Min Exi Min Mat Distress Signals 8 | . . 2 2 . . . 4 Communications Jammed . | . . . . . . . . Distress Signals . | . . . . . . . . Times Spotted 87 | 1 2 17 18 3 . 5 41 Peak Tracking Total 8 | 1 1 3 5 3 . 3 8 Tactical Retreats 8 | . . 3 3 . . 1 1 Traps | -11 -10 -10 -9 -9 -9 -8 -8 ------- Run | Yrd Mat Min Mat Min Exi Min Mat Traps Triggered 5 | . . . . . . . 5 Indirectly . | . . . . . . . . Trap Hack Attempts . | . . . . . . . . Triggered . | . . . . . . . . Disarmed . | . . . . . . . . Reprogrammed . | . . . . . . . . Reused . | . . . . . . . . Traps Extracted . | . . . . . . . . Installed . | . . . . . . . . Triggered . | . . . . . . . . Machines | -11 -10 -10 -9 -9 -9 -8 -8 ---------- Run | Yrd Mat Min Mat Min Exi Min Mat Machines Disabled 4 | . . . 1 . . . 3 Max in Single Turn 1 | . . . 1 . . . 1 Machines Repaired . | . . . . . . . . Machines Dismantled . | . . . . . . . . Machines Sabotaged . | . . . . . . . . Overloaded Fab Kills . | . . . . . . . . Hacking | -11 -10 -10 -9 -9 -9 -8 -8 --------- Run | Yrd Mat Min Mat Min Exi Min Mat Machines Accessed 14 | . 2 . 3 . 4 . 5 Terminals 8 | . 2 . 3 . . . 3 Fabricators . | . . . . . . . . Repair Stations 1 | . . . . . . . 1 Recycling Units 1 | . . . . . . . 1 Scanalyzers . | . . . . . . . . Garrison Access . | . . . . . . . . Total Hacks 85 | . 4 . 13 . 49 . 19 Successful 68 | . 2 . 7 . 49 . 10 Failed 16 | . 2 . 5 . . . 9 Catastrophic . | . . . . . . . . Database Lockouts 1 | . . . 1 . . . . Manual 1 | . . . . . 1 . . Terminals 26 | . 4 . 13 . . . 9 Fabricators . | . . . . . . . . Repair Stations 5 | . . . . . . . 5 Recycling Units 5 | . . . . . . . 5 Scanalyzers . | . . . . . . . . Garrison Access . | . . . . . . . . Terminal Hacks 62 | . 2 . 7 . 49 . 4 Record 57 | . 1 . 5 . 49 . 2 Prototype ID Bank 1 | . . . 1 . . . . Emergency Access Points 1 | . 1 . . . . . . Alert Level 2 | . . . 1 . . . 1 Recall Investigation 1 | . . . . . . . 1 Fabricator Hacks . | . . . . . . . . Repair Station Hacks 2 | . . . . . . . 2 Scan Component 1 | . . . . . . . 1 Repair 1 | . . . . . . . 1 Recycling Unit Hacks 4 | . . . . . . . 4 Recycle Component 1 | . . . . . . . 1 Process 1 | . . . . . . . 1 Report Inventory 1 | . . . . . . . 1 Retrieve Matter 1 | . . . . . . . 1 Scanalyzer . | . . . . . . . . Garrison Access Hacks . | . . . . . . . . Unauthorized Hacks . | . . . . . . . . Terminals . | . . . . . . . . Fabricators . | . . . . . . . . Repair Stations . | . . . . . . . . Recycling Units . | . . . . . . . . Scanalyzers . | . . . . . . . . Garrison Access . | . . . . . . . . Data Cores Recovered . | . . . . . . . . Used . | . . . . . . . . Hacking Detections 7 | . 1 . 1 . . . 5 Full Trace Events 2 | . . . . . . . 2 Feedback Events . | . . . . . . . . Feedback Blocked . | . . . . . . . . Robot Schematics Acquired . | . . . . . . . . Robots Built . | . . . . . . . . Authchips . | . . . . . . . . Time . | . . . . . . . . Total Robot Build Rating . | . . . . . . . . Part Schematics Acquired . | . . . . . . . . Parts Built . | . . . . . . . . Authchips . | . . . . . . . . Time . | . . . . . . . . Total Part Build Rating . | . . . . . . . . Parts Repaired 1 | . . . . . . . 1 Time 26 | . . . . . . . 26 Parts Recycled 1 | . . . . . . . 1 Recycled Matter 16 | . . . . . . . 16 Retrieved Matter 16 | . . . . . . . 16 Retrieved Components . | . . . . . . . . Parts Scanalyzed . | . . . . . . . . Part Schematics Acquired . | . . . . . . . . Parts Damaged . | . . . . . . . . Bothacking | -11 -10 -10 -9 -9 -9 -8 -8 ------------ Run | Yrd Mat Min Mat Min Exi Min Mat Used RIF Installer . | . . . . . . . . Robots Hacked . | . . . . . . . . Non-combat . | . . . . . . . . Combat . | . . . . . . . . Robot Hacks Applied . | . . . . . . . . Relay Couplers Released . | . . . . . . . . Fabnet Peak Effective % . | . . . . . . . . Robots Rewired . | . . . . . . . . Allies Hacked . | . . . . . . . . Hacks Repelled . | . . . . . . . . Allies | -11 -10 -10 -9 -9 -9 -8 -8 -------- Run | Yrd Mat Min Mat Min Exi Min Mat Total Allies . | . . . . . . . . Largest Group . | . . . . . . . . Highest-Rated Group . | . . . . . . . . Highest-Rated Ally . | . . . . . . . . Total Orders . | . . . . . . . . Ally Attacks . | . . . . . . . . Total Damage . | . . . . . . . . Kills . | . . . . . . . . Allies Corrupted . | . . . . . . . . Allies Melted . | . . . . . . . . Intel | -11 -10 -10 -9 -9 -9 -8 -8 ------- Run | Yrd Mat Min Mat Min Exi Min Mat Robot Analysis Total . | . . . . . . . . Derelict Logs Recovered 2 | . . 1 . 1 . . . Drone Launches . | . . . . . . . . Drone Recoveries . | . . . . . . . . Exploration | -11 -10 -10 -9 -9 -9 -8 -8 ------------- Run | Yrd Mat Min Mat Min Exi Min Mat Turns Passed 6458 | 92 421 1404 692 181 1412 667 1589 Spaces Moved 3256 | 76 292 597 342 93 693 400 763 Core 34 | 23 . . 2 . . . 9 Treads 2348 | . . 68 340 93 693 400 754 Legs 874 | 53 292 529 . . . . . Wheels . | . . . . . . . . Hover . | . . . . . . . . Flight . | . . . . . . . . Fastest Speed 50 | 50 120 120 160 160 160 160 50 Average Speed 157 | 98 120 124 160 160 203 160 159 Slowest Speed 560 | 120 120 160 300 160 560 160 240 Overloaded Moves . | . . . . . . . . Propulsion Burnouts . | . . . . . . . . Robots Hopped . | . . . . . . . . Cave-ins Triggered . | . . . . . . . . Exploration Rate (%) 47 | 6 36 79 35 16 91 74 45 Regions Visited 7 Branch Regions 4 Pre-discovered Areas 3 | . . 1 . 1 1 . . Known Exits Taken . | . . . . . . . . Unknown Exits Taken 7 | 1 1 1 1 1 1 1 . Scrap Searched 1 | . . 1 . . . . . Spaces Dug . | . . . . . . . . Terrain Destroyed 43 | . . 14 . . . . 29 Melee . | . . . . . . . . Projectile 3 | . . 1 . . . . 2 AOE 40 | . . 13 . . . . 27 Terrain Rammed . | . . . . . . . . Walls Destroyed . | . . . . . . . . Machines Disabled . | . . . . . . . . Actions | -11 -10 -10 -9 -9 -9 -8 -8 --------- Run | Yrd Mat Min Mat Min Exi Min Mat Total 4303 | 89 360 1186 432 109 701 416 1010 Wait 702 | . 61 495 24 2 . 7 113 Move 3249 | 75 291 596 341 92 692 399 763 Hop . | . . . . . . . . Pick Up 79 | 7 5 22 15 . 3 1 26 Fast Attach . | . . . . . . . . Attach 64 | 5 2 15 11 3 2 1 25 Detach 6 | . . 1 1 . . . 4 Swap 1 | . . . . . 1 . . Drop 39 | . . 17 10 . 3 2 7 Fire 160 | 2 1 38 29 12 . 6 72 Melee . | . . . . . . . . Ram . | . . . . . . . . Kick 2 | . . 2 . . . . . Crush 1 | . . . 1 . . . . Escape Stasis . | . . . . . . . . Rewire . | . . . . . . . . Trap . | . . . . . . . . Miscellaneous . | . . . . . . . . Route ------- -11/Scrapyard -10/Materials -10/Mines -9/Materials -9/Mines -9/Exiles -8/Mines (discovered 2 exits: *Mat x2) -8/Materials (discovered 1 exit: [*Fac]) History --------- Turn | Location | Event 2 | -11/Scrapyard | Met Revision 17 67 | -11/Scrapyard | Discovered new exit (range 8) 93 | -11/Scrapyard | Entered Materials 306 | -10/Materials | Build established: Mutant 469 | -10/Materials | Discovered new exit (range 11) 514 | -10/Materials | Entered Mines 543 | -10/Mines | Found a hidden stash of uninstalled traps 743 | -10/Mines | Found a damaged Exp. Sensor Array with a note attached 745 | -10/Mines | Found Prototype Device 783 | -10/Mines | Learned location of Zion (-7) 795 | -10/Mines | Excavation squad dispatched 795 | -10/Mines | A large section of the Mines collapsed 1045 | -10/Mines | Excavation squad dispatched 1261 | -10/Mines | Core integrity fell below 50% 1295 | -10/Mines | Excavation squad dispatched 1545 | -10/Mines | Excavation squad dispatched 1779 | -10/Mines | Joined a pair of Derelicts in attacking an 0b10 outpost 1795 | -10/Mines | Excavation squad dispatched 1845 | -10/Mines | Build established: Scavenger-Mutant 1908 | -10/Mines | Discovered new exit (range 6) 1918 | -10/Mines | Entered Materials 1918 | -9/Materials | Evolved 2 slots: Power x1, Utility x1 2108 | -9/Materials | Central database locked down 2382 | -9/Materials | Lost 3 parts (2p1u) 2422 | -9/Materials | Discovered new exit (range 6) 2610 | -9/Materials | Entered Mines 2637 | -9/Mines | Core integrity fell below 50% 2659 | -9/Mines | Lost 6 parts (1p2n1u2w) 2738 | -9/Mines | Learned location of Recycling (-7) 2779 | -9/Mines | Deemed a non-threat by the Exiles lab entrance 2781 | -9/Mines | Discovered new exit (range 5) 2791 | -9/Mines | Entered Exiles 2850 | -9/Exiles | Met 8R-AWN 2909 | -9/Exiles | Met EX-HEX 2992 | -9/Exiles | Met EX-DEC 3114 | -9/Exiles | Met EX-BIN 3144 | -9/Exiles | Aligned with FarCom system 3146 | -9/Exiles | Given EX-Vault access code 3401 | -9/Exiles | Visited The Gauntlet 4098 | -9/Exiles | Build established: Hauler-Mutant 4152 | -9/Exiles | Discovered new exit (range 11) 4203 | -9/Exiles | Entered Mines 4207 | -8/Mines | Identified Exp. Sensor Array 4496 | -8/Mines | Build established: Mutant 4569 | -8/Mines | Discovered new exit (range 6) 4756 | -8/Mines | Discovered new exit (range 10) 4870 | -8/Mines | Entered Materials 4870 | -8/Materials | Evolved 2 slots: Propulsion x1, Weapon x1 5179 | -8/Materials | Build established: Scavenger-Skirmisher 5910 | -8/Materials | Lost 3 parts (2p1n) 5956 | -8/Materials | Repaired Lgt. Treads 6415 | -8/Materials | Discovered new exit (range 13) 6439 | -8/Materials | Core integrity fell below 50% 6447 | -8/Materials | Garrison activated, responded to threat 6453 | -8/Materials | Core integrity fell below 20% 6459 | -8/Materials | Destroyed by G-47 Trooper with Particle Gun Last Messages --------------- U-05 Engineer lays Concrete. Overheating: Lgt. EM Pulse Cannon damaged (-6). U-05 Engineer lays Concrete. Lgt. Nuclear Core destroyed. Lgt. EM Pulse Cannon destroyed. U-05 Engineer lays Concrete. K-01 Serf collects debris. U-05 Engineer builds a Wall. G-47 Trooper destroyed. Assault Cannon destroyed. Overheating: Matter decay (-21). G-47 Trooper knocked back. Overheating: Energy bleed (-10). K-01 Serf collects debris. Acquired 13 matter. Critical hit (Burn: +37). U-05 Engineer builds a Door. The unstable cave ceiling collapses. U-05 Engineer lays Concrete. K-01 Serf collects debris. Map ----- +----------------------------------------------------+ | ??# ??# ## # #= | | ??# " # ## """# * # "" | | ??# T ! + ## """#^ "% # R | | ??# " # ## """#^ ^""" # "" | | ??# ??+ #??? ?# ^ "" + | | ??# """????# ##?? "??#^ """ ###### | | ??? "??????# #??? ???# "" # | | ???????????# #???????"# ^ """ # "" | | ???????????# #???? # """ # "" | | ???????????# ##### +# """ # % "" | | ???????????#+## " #%= " | | ??????????? ?# != + = " | | ??????????? ?# =%| #* | | ??????????? ?# ##/####### # * | | ??????????? ?# ## # | | ???????? ?? ?# g ""## ###### | | ???????? g? ## # k T"## #????? | | ??????####/### ""## #????? | | ??????# " ## #????? | | ??????# <% H % ## #????? | | ??????# % g % % % ## ####?? | | ????????????#" g % % % ## !##? | | ???????????#####g #] # #### !#? | | ???????????# ! #??# #? | | ???????????# #??# #? | | ???????????# @ #####??# #? | | ???????????# ! #??????# !##? | | ???????????# """ #?#######+####### | | ???????????# "R Y #?# # | | ???????????# """ #?# # | | ???????????# [#?# # | | ???????????# #########?# # | | ???????????##??????????# # | | ???????????????????????# # | | ?????????????????????###########+##### | | ?????????????????????# # # | | ?????????????????????# """ # # | | ?????????????????????# T" # # | | ????????????????????##!! """ # # | | ????????????????????# !! %# # | | ????????????????????##! # ##+## | | ???????######????????# + | | ???????# ######???# # ##### | | ???????# # #########+##### ##### | | ???????# # + | | ???????# ! # # * | | ????#### # ##+####### # """ | | ????# + ## ## ## #[""" | | ????# # ## ## """ ## # """ | | ????# + ## ## """ !## # | +----------------------------------------------------+ Best States ------------- Heat Dissipation 31 Energy Generation 23 Energy Capacity 290 Matter Stores 393 Matter Capacity 450 Sight Range 16 Terrain Scan Range 16 Terrain Scan Density 85 ECM Strength 2 Armor Coverage 300 Resistance: KI 20 Evasion (%) 55 Targeting Accuracy 5 Recoil Reduction 3 Item Schematics ----------------- None Robot Schematics ------------------ None Fabricated ------------ Nothing Alien Tech Used ----------------- None Achievements -------------- It's Just You Let's See Who's Tougher Librarian One Hack Too Far Please Form A Line Risk Taker Storm Trooper Tank Tourist Troublemaker Challenges ------------ None Game ------ Seed DisruptorCouplerShield Manual? 0 Play Time 01:16:05 Cumulative 2.0 hours Start 2024.04.01 @ 22:09:05 End 2024.04.02 @ 00:02:31 Sessions 1 Manual Loads 0 Difficulty Rogue Special Mode None Game No. 2 Rogue 2 Adventurer 0 Explorer 0 Win Type - Total 0 Types 0/0/0/0/0/0/0/0/0 Lore% 8 Gallery% 3 Achievement% 5 Wizard Run 0 Options --------- Layout 1 ASCII 0 Keyboard 0 Movement Arrows Keybinds 0 Fullscreen 1 Font 24/Smallcaps Map View 50x35 Zoom Use 0% Tactical HUD 0 Map Filters NONE Filters NONE Steam 0 RUN: 8eae5ecb-3942-4da1-94c4-513c3e71c718